 Dungeon Crawl Stone Soup version 0.31-a0-1469-gd420192249 (webtiles) character file.

Game seed: 4082281643876541004

2326 grandjackal the Trooper (level 9, -4/71 HPs)
             Began as a Demonspawn Gladiator on Dec 29, 2023.
             Slain by a yak (13 damage)
             ... on level 5 of the Dungeon.
             The game lasted 00:04:48 (4802 turns).

grandjackal the Trooper (Demonspawn Gladiator)      Turns: 4802, Time: 00:04:49

Health: -4/71      AC: 15    Str: 25    XL:     9   Next: 19%
Magic:  3/3        EV: 10    Int:  9    God:
Gold:   201        SH:  0    Dex: 20    Spells: 7/8 levels left

rFire   + . .        m - +7 spear of Teocod {antimagic, *Slow rN+ Str+6}
rCold   . . .        c - orb {*Rage}
rNeg    + . .        n - +2 chain mail {rF+}
rPois   .            i - +1 helmet
rElec   .            p - scarf of Zuud Hong {shadows, Harm Dex+6}
rCorr   .            (no gloves)
SInv    .            y - +0 pair of boots
Will    .....        (no amulet) Stlth
                     (no ring)
HPRegen 0.31/turn    (no ring)
MPRegen 0.08/turn

%: random rage (20%), slow self (1%), harm (+30% outgoing, +20% incoming)
@: on berserk cooldown, slowed, very slow
A: demonic magic 1, demonic touch 2
a: no special abilities


You were on level 5 of the Dungeon.
You visited 1 branch of the dungeon, and saw 6 of its levels.

You collected 201 gold pieces.

Inventory:

Hand Weapons
 a - a +0 war axe
 g - a +0 flail
 m - the +7 spear of Teocod (weapon) {antimagic, *Slow rN+ Str+6}
   (You found it on level 2 of the Dungeon)

   Str+6:     It affects your strength (+6).
   rN+:       It protects you from negative energy.
   *Slow:     It may slow you when you take damage.
Missiles
 d - a throwing net (quivered)
 e - a javelin
Armour
 c - an orb of wrath (worn)
 i - a +1 helmet (worn)
 n - a +2 chain mail of fire resistance (worn)
 p - the scarf of Zuud Hong (worn) {shadows, Harm Dex+6}
   (You found it on level 3 of the Dungeon)

   Dex+6:     It affects your dexterity (+6).
   Harm:      It increases damage dealt and taken.
 y - a +0 pair of boots (worn)
Jewellery
 w - an amulet of faith
 B - a +4 ring of protection
Wands
 f - a wand of light (8)
Scrolls
 b - 2 scrolls of revelation {unknown}
 h - a scroll of vulnerability {unknown}
 j - 2 scrolls of acquirement {unknown}
 o - 3 scrolls of enchant weapon {unknown}
 r - 3 scrolls of teleportation {unknown}
 u - a scroll of amnesia {unknown}
 v - 2 scrolls of summoning {unknown}
 x - a scroll of fear {unknown}
 z - 2 scrolls of immolation {unknown}
Potions
 l - 2 potions of heal wounds
 q - a potion of enlightenment
 s - a potion of brilliance {unknown}
 t - a potion of haste
 A - a potion of lignification {unknown}
 C - a potion of curing


   Skills:
 + Level 6.9 Fighting
 + Level 6.6 Axes
 - Level 2.0 Throwing
 + Level 4.8 Armour
 - Level 3.0 Dodging
 + Level 5.2 Conjurations


You had 7 spell levels left.
You knew the following spells:

 Your Spells              Type           Power      Damage    Failure   Level
a - Magic Dart            Conj           36%        1d4       24%         1

Your spell library contained the following spells:

 Spells                   Type           Power      Damage    Failure   Level
 Blink                    Tloc           0%         N/A       97%         2
 Call Imp                 Summ           0%         N/A       97%         2
 Iskenderun's Battlesphe  Conj           9%         2d6       100%        5
 Bombard                  Conj/Erth      2%         9d1       100%        6
 Spellforged Servitor     Conj/Summ      2%         N/A       100%        7


Dungeon Overview and Level Annotations

Branches:
Dungeon (6/15)
 Temple: D:4-7

Altars:
Fedhas
Kikubaaqudgha
Ru


Innate Abilities, Weirdness & Mutations

Spells you cast may paralyse adjacent enemies.
Your touch may inflict irresistible damage on your foes.


Message History

Unknown command.
You are too injured to fight recklessly!
Unknown command.
You are too injured to fight recklessly!
Unknown command.
You are too injured to fight recklessly!
You climb upwards.
You feel a strong urge to attack something.
There is a stone staircase leading down here.
Unknown command.
You puncture the yak!
The yak is moderately wounded.
The yak gores you!
The yak gores you but does no damage. x2
Unknown command.
You hit the yak.
The yak is heavily wounded.
The yak gores you but does no damage. The yak closely misses you.
The yak barely misses you.
Unknown command.
You puncture the yak!
The yak is almost dead.
You are no longer berserk.
You are exhausted.
You feel yourself slow down.
Unknown command.
You hit the yak.
You kill the yak!
The yak barely misses you. x2
Unknown command.
You puncture the yak!
The yak is moderately wounded.
The yak gores you!
* * * LOW HITPOINT WARNING * * *
You feel as though you will be slow longer.
The yak barely misses you. The yak closely misses you. The yak gores you.
* * * LOW HITPOINT WARNING * * *
You hit the yak but do no damage.
The yak is moderately wounded.
The yak gores you!
You die...

#......###..##.........#.......#
#<...####.........##............
##...#......#.#.................
#.........#####..##...........)
##.........# #..#.......(.....
##.......######.##.......)).))
###..#......##.##..#....#....
####.......Y.....#....####.
#.......Y@†....#....####..
##.............#...####...
#...#.........#####.#....
##..#.....########.......
#.##.....#####.#........
####....###.#...........
##.####.............. ###
##.#........... ####.#........


You could see 2 yaks.

Vanquished Creatures
  Pikel (D:4)
  4 yaks
  Menkaure (D:4)
  Duvessa (D:5)
  3 black bears (D:5)
  An ogre (D:5)
  5 wights (D:5)
  Dowan (D:5)
  A bombardier beetle (D:5)
  2 hounds (D:5)
  Crazy Yiuf (D:4)
  Ijyb (D:3)
  Natasha (thrice) (D:2)
  An orc wizard (D:5)
  Robin (D:3)
  3 gnolls (D:4)
  5 adders
  2 worms
  2 dart slugs
  3 orcs
  6 bats
  9 endoplasms
  8 giant cockroaches
  11 goblins
  7 hobgoblins
  4 jackals (D:2)
  5 kobolds
  A quokka (D:1)
  9 ball pythons
  3 frilled lizards
  6 rats
111 creatures vanquished.

Notes
Turn   | Place    | Note
-------+----------+-------------------------------------------
     0 | D:1      | grandjackal the Demonspawn Gladiator began the quest for
                  | the Orb.
     0 | D:1      | Reached XP level 1. HP: 16/16 MP: 1/1
   310 | D:1      | Gained mutation: Your touch may inflict minor irresistible
                  | damage on your foes. [demonic ancestry]
   310 | D:1      | Reached XP level 2. HP: 22/22 MP: 2/2
   596 | D:1      | Gained mutation: Spells you cast may paralyse adjacent
                  | enemies. [demonic ancestry]
   596 | D:1      | Reached XP level 3. HP: 28/28 MP: 3/3
  1017 | D:2      | Identified the +7 spear of Teocod {antimagic, *Slow rN+
                  | Str+6}
  1056 | D:2      | Noticed Natasha
  1065 | D:2      | Killed Natasha
  1066 | D:2      | Reached XP level 4. HP: 26/35 MP: 1/4
  1843 | D:2      | Noticed Natasha
  1846 | D:2      | Killed Natasha
  1875 | D:2      | Noticed Natasha
  1881 | D:2      | Killed Natasha
  1882 | D:2      | Gained mutation: Your touch may inflict irresistible damage
                  | on your foes. [demonic ancestry]
  1882 | D:2      | Reached XP level 5. HP: 42/42 MP: 1/5
  1924 | D:3      | Noticed Ijyb
  1924 | D:3      | Noticed Robin
  1933 | D:3      | Killed Ijyb
  1941 | D:3      | Killed Robin
  2143 | D:3      | Identified the scarf of Zuud Hong {shadows, Harm Dex+6}
  2746 | D:3      | Found a sacrificial altar of Ru.
  2909 | D:3      | Learned a level 1 spell: Magic Dart
  3162 | D:4      | Noticed Menkaure
  3169 | D:4      | Killed Menkaure
  3170 | D:4      | Reached skill level 1 in Armour
  3170 | D:4      | Reached skill level 1 in Conjurations
  3170 | D:4      | Reached XP level 6. HP: 49/49 MP: 2/6
  3319 | D:4      | Found an ancient bone altar of Kikubaaqudgha.
  3320 | D:4      | Found a blossoming altar of Fedhas.
  3429 | D:4      | Noticed Pikel
  3438 | D:4      | Killed Pikel
  3439 | D:4      | Reached skill level 5 in Fighting
  3439 | D:4      | Reached skill level 5 in Axes
  3439 | D:4      | Reached XP level 7. HP: 56/56 MP: 2/7
  3671 | D:4      | Found a runed translucent door.
  3672 | D:4      | Noticed Crazy Yiuf
  3834 | D:4      | Killed Crazy Yiuf
  3901 | D:5      | Entered Level 5 of the Dungeon
  3994 | D:5      | Reached XP level 8. HP: 50/63 MP: 2/8
  4208 | D:5      | Noticed Duvessa
  4208 | D:5      | Noticed Dowan
  4218 | D:5      | Killed Duvessa
  4222 | D:5      | Killed Dowan
  4791 | D:6      | Reached skill level 5 in Conjurations
  4791 | D:6      | Reached XP level 9. HP: 71/71 MP: 3/9
  4802 | D:5      | Slain by a yak

Illustrated notes

Levels and vault maps discovered:
D:1:      grunt_arrival_crossed_arrows, layout_basic
D:2:      layout_basic, kennysheep_crisscross, minivault_11, uniq_natasha
D:3:      layout_loops_ring, nicolae_ru_the_path_less_chosen, serial_aquarium,
          aquarium_bridge_square [aquarium_subvault_wall,
          aquarium_subvault_wall, aquarium_subvault_bridge,
          aquarium_subvault_balcony], aquarium_bridge_straight
          [aquarium_subvault_bridge, aquarium_subvault_window,
          aquarium_subvault_bridge, aquarium_subvault_wall], aquarium_window_2,
          aquarium_window_1, aquarium_window_fake, aquarium_view_2c,
          aquarium_view_2e, aquarium_balcony_double_1, aquarium_pool_2,
          nicolae_goblin_pals
D:4:      layout_gridville, grunt_temple_overflow_growth_and_decay, uniq_pikel,
          uniq_robin, uniq_crazy_yiuf_cottage, uniq_menkaure
D:5:      layout_cave_pools, corexii_leaking_fountain,
          minmay_misc_feat_diagonals, nicolae_figureground_pulse, uniq_duvessa
D:6:      layout_basic, hangedman_decor_growths, uniq_blork_the_orc,
          uniq_eustachio

Skill      XL: |  1  2  3  4  5  6  7  8 |
---------------+-------------------------+-----
Throwing       | 2 |  2.0
Axes           | 3 4 5 6 |  6.6
Dodging        | 3 |  3.0
Fighting       | 3 4 5 6 |  6.9
Armour         | 1 2 3 4 |  4.8
Conjurations   | 1 3 5 |  5.2

Action                     |  1- 3 |  4- 6 |  7- 9 || total
---------------------------+-------+-------+-------++-------
  Melee: War axe           |    61 |       |       ||    61
         Touch             |     8 |     8 |       ||    16
         Punch             |     1 |       |       ||     1
         Spear             |    10 |   108 |    94 ||   212
  Throw: Throwing net      |       |       |     2 ||     2
    Use: Potion            |       |     2 |       ||     2
         Scroll            |       |       |     3 ||     3
   Stab: Held in net/web   |       |       |     3 ||     3
 Armour: Leather armour    |    25 |       |       ||    25
         Ring mail         |    14 |       |       ||    14
         Chain mail        |       |    54 |    60 ||   114
  Dodge: Dodged            |    53 |    35 |    37 ||   125

Table legend: (Time is in decaauts)
 A = Elapsed time spent in this place.
 B = Non-inter-level travel time spent in this place.
 C = Inter-level travel time spent in this place.
 D = Time resting spent in this place.
 E = Time spent auto-exploring this place.
 F = Levels seen in this place.
 G = Mean time per level.
                   A        B        C        D        E       F      G
               +--------+--------+--------+--------+--------+-----+--------+
         Total |   4997 |   4744 |    253 |    796 |   3270 |   6 |  832.8 |
       Dungeon |   4997 |   4744 |    253 |    796 |   3270 |   6 |  832.8 |
               +--------+--------+--------+--------+--------+-----+--------+

Top non-repeatable levels by time:
     D:3: 1090 daAuts
     D:4: 1037 daAuts
     D:2: 1033 daAuts
     D:5: 949 daAuts
     D:1: 873 daAuts
     D:6: 12 daAuts
